 Dungeon Crawl Stone Soup version 0.21.1 (webtiles) character file.

26964 shakethe the Fighter (level 13, -26/125 HPs)
             Began as a Minotaur Berserker on Feb 4, 2018.
             Was the Champion of Trog.
             Annihilated by a dream sheep (29 damage)
             ... on level 4 of the Lair of Beasts.
             The game lasted 01:53:44 (17468 turns).

shakethe the Fighter (Minotaur Berserker)          Turns: 17468, Time: 01:53:45

Health: -26/125    AC: 21    Str: 23    XL:     13   Next: 1%
Magic:  12/12      EV: 11    Int:  4    God:    Trog [******]
Gold:   833        SH:  0    Dex: 14    Spells: 12/12 levels left

rFire    + + .     SeeInvis .   l - +2 dire flail (drain)
rCold    . . .     Gourm    .   (shield currently unavailable)
rNeg     . . .     Faith    .   T - +5 ring mail "Xiodimei" {rElec rF++}
rPois    .         Spirit   .   (helmet restricted)
rElec    +         Reflect  +   (no cloak)
rCorr    .         Harm     .   K - +2 pair of gloves
MR       +....                  (no boots)
Stlth    +.........             u - +3 amulet of reflection
HPRegen  0.30/turn              V - ring of protection from magic
MPRegen  0.13/turn              s - +5 ring of protection

@: sleeping, berserk cooldown, slowed, heavily drained
A: retaliatory headbutt, horns 2
a: Berserk, Trog's Hand, Brothers in Arms, Burn Spellbooks, Renounce Religion


You were on level 4 of the Lair of Beasts.
You worshipped Trog.
Trog was exalted by your worship.
You were not hungry.

You visited 2 branches of the dungeon, and saw 16 of its levels.
You also visited: Ossuary.

You collected 833 gold pieces.

Inventory:

Hand Weapons
 l - a +2 dire flail of draining (weapon)
 q - a +3 antimagic lajatang
 t - a +0 spear of distortion
 w - a +2 demon whip of draining
 C - a +1 antimagic spear
 O - the +8 quarterstaff "Icouna" {speed, rF+ SInv, unknown}
   (You found it on level 3 of the Lair of Beasts)

   Attacks with this weapon are significantly faster.
   It protects you from fire.
   It lets you see invisible.
Missiles
 P - 6 tomahawks of dispersal (quivered)
Armour
 y - the +1 leather armour "Kohoj" {+Blink rC++}
   (You found it on level 10 of the Dungeon)

   It greatly protects you from cold.
   It lets you blink.
 H - a +0 troll leather armour
 K - a +2 pair of gloves (worn)
 T - the +5 ring mail "Xiodimei" (worn) {rElec rF++}
   (You found it on level 6 of the Dungeon)

   It greatly protects you from fire.
   It insulates you from electricity.
Magical Staves
 r - an uncursed staff of death
Jewellery
 a - an uncursed ring of protection from fire
 s - a +5 ring of protection (right hand)
 u - a +3 amulet of reflection (around neck)
 D - an uncursed ring of magical power
 V - a ring of protection from magic (left hand)
 X - an uncursed ring of fire
Wands
 k - a wand of enslavement (11)
 I - a wand of polymorph (15)
 N - a wand of iceblast (16)
 S - a wand of flame (59)
 W - a wand of scattershot (2)
 Y - a wand of clouds (6)
Scrolls
 e - 4 scrolls of immolation
 f - 10 scrolls of remove curse
 i - 4 scrolls of teleportation
 m - 3 scrolls of magic mapping
 A - a scroll of noise {unknown}
 E - 5 scrolls of amnesia
 G - a scroll of silence {unknown}
 Q - a scroll of enchant weapon
 U - a scroll of fog
Potions
 b - 2 potions of might
 h - 4 potions of heal wounds
 j - 3 potions of flight
 n - a potion of mutation
 p - 6 potions of lignification
 v - 3 potions of ambrosia
 x - a potion of invisibility {unknown}
 z - a potion of magic {unknown}
 B - 6 potions of haste
 F - 4 potions of curing
 L - 3 potions of brilliance {unknown}
 M - a potion of cancellation {unknown}
Books
 d - a book of Geomancy

   Spells                             Type                      Level
   a - Sandblast                      Earth                        1
   b - Passwall                       Transmutation/Earth          2
   c - Stone Arrow                    Conjuration/Earth            3
   d - Petrify                        Transmutation/Earth          4
   e - Lee's Rapid Deconstruction     Earth                        5
   Trog disapproves of the use of such an item.
 o - a book of Changes

   Spells                             Type                      Level
   a - Beastly Appendage              Transmutation                1
   b - Sticks to Snakes               Transmutation                2
   c - Spider Form                    Transmutation/Poison         3
   d - Ice Form                       Ice/Transmutation            4
   e - Blade Hands                    Transmutation                5
   Trog disapproves of the use of such an item.
 J - a book of Cantrips

   Spells                             Type                      Level
   a - Confusing Touch                Hexes                        1
   b - Animate Skeleton               Necromancy                   1
   c - Summon Small Mammal            Summoning                    1
   d - Apportation                    Translocation                1
   Trog disapproves of the use of such an item.
 Z - a book of Necromancy

   Spells                             Type                      Level
   a - Pain                           Necromancy                   1
   b - Animate Skeleton               Necromancy                   1
   c - Vampiric Draining              Necromancy                   3
   d - Regeneration                   Charms/Necromancy            3
   e - Animate Dead                   Necromancy                   4
   f - Borgnjor's Vile Clutch         Necromancy/Earth             5
   Trog disapproves of the use of such an item.
Miscellaneous
 g - a box of beasts
Comestibles
 c - 21 rations


   Skills:
 + Level 14.9(12.4) Fighting
 - Level 14.0(11.7) Maces & Flails
 + Level 14.6(12.2) Armour
 - Level 2.1(0.4) Dodging
   Level 6.8(4.8) Shields


You had 12 spell levels left.
You didn't know any spells.

Dungeon Overview and Level Annotations

Branches:
Dungeon (11/15)            Temple (0/1) D:7            Lair (5/6) D:9
  Swamp (0/4) Lair:3       Spider (0/4) Lair:3          Orc (0/2) D:10
  Slime: Lair:5-6

Altars:
Ashenzari
Cheibriados
Elyvilon
Hepliaklqana
Makhleb
Ru
Trog
Wu Jian

Shops:
D:4 !   D:8 }


Innate Abilities, Weirdness & Mutations

You reflexively headbutt those who attack you in melee.
You have a pair of horns on your head.


Message History

Trog accepts your kill.
The dream sheep bites you but does no damage.
There is a stone staircase leading up, spattered with blood here.
Items here: ) [ †† a dagger of speed; a runed robe; a porcupine corpse the human corpse of Josephine You feel a strong urge to attack something.
The dream sheep bites you but does no damage. x2
You climb upwards.
You are no longer berserk.
You are exhausted.
You feel yourself slow down. The wraith hits you.
* * * LOW HITPOINT WARNING * * *
The wraith drains your vigour!
You feel as though you will be slow longer.
There is a stone staircase leading down here.
The dream sheep shake their wool and sparkle.
You feel drowsy...
You fall asleep.
The dream sheep bites you!!
You die...

......# ......P# ###.#
..... .......# ##.#..#
....
.........#......##...
....#.............#.
...#...............##
...##P..............###
..##...........WY.....##
..##..........WW@......#
####.............Y.....##
#....................P#
###@...................##
[#.WW.W..............###
#.####.......?......##
...##.##.........####
.####. ########.## .#####
###


You could see 3 wraiths and 2 dream sheep.

Vanquished Creatures
  Josephine (Lair:5)
  3 hydras
  Erica (D:11)
  2 two-headed ogres
  Urug (D:11)
  2 oklob plants (Lair:2)
  2 black mambas (Lair:4)
  6 spiny frogs
  A gargoyle (D:11)
  A kobold demonologist (D:11)
  2 komodo dragons
  2 trolls
  A queen bee (D:8)
  The ghost of Frank the Slasher, an amateur OpFi (D:4)
  2 dream sheep (Lair:5)
  5 blink frogs (Lair:3)
  A hippogriff (Lair:2)
  5 wyverns
  2 basilisks
  35 yaks
  An acid dragon (D:9)
  2 swamp worms (Lair:3)
  7 water moccasins
  2 orc warriors (D:10)
  2 ice beasts
  7 porcupines
  A sky beast (D:11)
  2 black bears
  2 phantoms
  2 centaurs
  6 ogres
  3 wolves (Lair:2)
  4 big kobolds
  5 crocodiles
  10 bullfrogs
  2 gnoll sergeants
  3 water moccasin zombies (Ossuary)
  3 scorpions
  24 killer bees
  16 wights
  A crimson imp (D:6)
  A centaur zombie (Ossuary)
  7 bullfrog zombies
  4 gnoll shamans (D:3)
  7 hounds
  3 orc wizards
  4 orc priests
  A bullfrog skeleton (D:11)
  4 jellies
  Ijyb (D:3)
  10 worker ants
  3 hound zombies
  15 mummies (Ossuary)
  A howler monkey zombie (Ossuary)
  3 worker ant zombies
  48 gnolls
  5 adders
  3 shadow imps
  3 oozes
  An adder zombie (D:5)
  2 adder skeletons (D:9)
  A worm (D:2)
  3 dart slugs
  4 leopard geckos
  33 orcs
  2 ball pythons (D:1)
  9 bats
  2 giant cockroaches
  6 goblins
  7 hobgoblins
  27 jackals
  2 quokkas
  3 frilled lizards
  2 giant cockroach zombies (Ossuary)
  2 jackal zombies (Ossuary)
  30 kobolds
  2 leopard gecko skeletons
  A leopard gecko zombie (Ossuary)
  A quokka skeleton (D:4)
  3 quokka zombies (Ossuary)
  4 rats
  A fungus (Lair:3)
  2 plants (Lair:2)
  3 withered plants (Ossuary)
457 creatures vanquished.

Vanquished Creatures (others)
  A kobold (D:11)
  A plant (Lair:2)
  2 withered plants (Ossuary)
4 creatures vanquished.

Grand Total: 461 creatures vanquished

Notes
Turn   | Place    | Note
-------+----------+-------------------------------------------
     0 | D:1      | shakethe the Minotaur Berserker began the quest for the Orb.
     0 | D:1      | Reached XP level 1. HP: 19/19 MP: 0/0
    92 | D:1      | Reached XP level 2. HP: 6/26 MP: 1/1
   502 | D:1      | Reached skill level 5 in Maces & Flails
   561 | D:1      | Reached XP level 3. HP: 24/31 MP: 2/2
   656 | D:1      | Reached ** piety under Trog
  1120 | D:2      | Reached XP level 4. HP: 39/39 MP: 3/3
  1212 | D:2      | You fall through a shaft for 2 floors!
  1228 | D:4      | Found Loerch's Distillery.
  1267 | D:2      | Noticed a bullfrog
  1277 | D:2      | Killed a bullfrog
  1277 | D:2      | Reached XP level 5. HP: 41/45 MP: 4/4
  1650 | D:3      | Noticed Ijyb
  1659 | D:3      | Killed Ijyb
  1862 | D:3      | Reached *** piety under Trog
  1897 | D:3      | Reached XP level 6. HP: 33/51 MP: 5/5
  2371 | D:3      | Reached XP level 7. HP: 39/57 MP: 6/6
  2587 | D:3      | Reached skill level 10 in Maces & Flails
  2878 | D:3      | Reached **** piety under Trog
  3523 | D:4      | Noticed Frank's ghost (amateur OpFi)
  3531 | D:4      | Killed Frank's ghost
  3907 | D:4      | Reached XP level 8. HP: 49/64 MP: 7/7
  3974 | D:5      | Entered Level 5 of the Dungeon
  4875 | D:6      | Found a sand-covered staircase.
  4880 | Ossuary  | Entered an ossuary
  5122 | Ossuary  | Reached ***** piety under Trog
  5561 | Ossuary  | Reached XP level 9. HP: 64/70 MP: 8/8
  6272 | D:6      | Got a dazzling ring mail
  6667 | D:7      | Identified the +5 ring mail "Xiodimei" {rElec rF++} (You found it on level 6 of the Dungeon)
  7365 | D:7      | Found a burning altar of Makhleb.
  7391 | D:7      | Found a bloodstained altar of Trog.
  7478 | D:7      | Found a staircase to the Ecumenical Temple.
  7484 | D:7      | Reached skill level 5 in Fighting
  7846 | D:8      | Found a hazy altar of Hepliaklqana.
  7854 | D:8      | Reached skill level 5 in Armour
  7933 | D:8      | Found Caur's Gadget Shop.
  8082 | D:8      | Found a snail-covered altar of Cheibriados.
  8082 | D:8      | Found a sacrificial altar of Ru.
  8085 | D:8      | Found a white marble altar of Elyvilon.
  8088 | D:8      | Found a shattered altar of Ashenzari.
  8749 | D:9      | Received a gift from Trog
  8753 | D:9      | Noticed a queen bee
  8767 | D:8      | Killed a queen bee
  9141 | D:9      | Reached skill level 1 in Shields
  9141 | D:9      | Reached XP level 10. HP: 84/88 MP: 9/9
  9194 | D:9      | Noticed a two-headed ogre
  9213 | D:9      | Killed a two-headed ogre
  9538 | D:9      | Reached ****** piety under Trog
  9621 | D:9      | Found a staircase to the Lair.
 10249 | D:9      | Got a brightly glowing scale mail
 10275 | D:10     | Entered Level 10 of the Dungeon
 10314 | D:10     | Received a gift from Trog
 10396 | D:10     | Identified the +0 scale mail of the Lotus Blossom {rElec rF+ rC+ Str-4} (You found it on level 9 of the Dungeon)
 10517 | D:10     | Found a staircase to the Orcish Mines.
 10834 | D:10     | Got a diamond-encrusted leather armour
 11030 | D:10     | Identified the +1 leather armour "Kohoj" {+Blink rC++} (You found it on level 10 of the Dungeon)
 11061 | D:11     | Noticed a two-headed ogre
 11074 | D:11     | Killed a two-headed ogre
 11074 | D:11     | Reached XP level 11. HP: 95/99 MP: 10/10
 11099 | D:11     | Noticed Urug
 11120 | D:11     | Killed Urug
 11120 | D:11     | Reached skill level 10 in Fighting
 11239 | D:11     | Reached skill level 10 in Armour
 11278 | D:11     | Noticed Erica
 11301 | D:11     | Killed Erica
 12456 | D:11     | Found an ornate altar of the Wu Jian Council.
 12737 | D:11     | Lair
 12873 | Lair:1   | Entered Level 1 of the Lair of Beasts
 13041 | Lair:1   | Noticed an eight-headed hydra
 13057 | Lair:1   | Killed an eight-headed hydra
 13193 | Lair:1   | Reached XP level 12. HP: 67/113 MP: 11/11
 13456 | Lair:1   | Received a gift from Trog
 14140 | Lair:2   | Noticed a four-headed hydra
 15857 | Lair:3   | Got an ancient quarterstaff
 16167 | Lair:3   | Killed a four-headed hydra
 16247 | Lair:3   | Noticed a five-headed hydra
 16258 | Lair:3   | Killed a five-headed hydra
 16428 | Lair:3   | Found a staircase to the Swamp.
 16517 | Lair:3   | Found a hole to the Spider Nest.
 17373 | Lair:4   | Identified a scroll of acquirement
 17406 | Lair:4   | Noticed Josephine
 17456 | Lair:5   | Noticed a six-headed hydra
 17459 | Lair:5   | Killed Josephine
 17459 | Lair:5   | Received a gift from Trog
 17459 | Lair:5   | Reached XP level 13. HP: 37/125 MP: 12/12
 17467 | Lair:4   | HP: 3/125 [wraith[Josephine] (6)]
 17468 | Lair:4   | Annihilated by a dream sheep

Skill      XL: |  1  2  3  4  5  6  7  8  9 10 11 12 |
---------------+-------------------------------------+-----
Maces & Flails | 4 5 6 7 8 9 11 13 14 | 14.0
Fighting       | 7 9 12 14 | 14.9
Armour         | 7 9 12 14 | 14.6
Shields        | 1 6 |  6.8
Dodging        | |  2.1

Action                   |  1- 3 |  4- 6 |  7- 9 | 10-12 | 13-15 || total
-------------------------+-------+-------+-------+-------+-------++-------
Melee: Mace              |    75 |     4 |       |       |       ||    79
       Headbutt          |    12 |    20 |   101 |   161 |     1 ||   295
       Flail             |       |    91 |   477 |   157 |       ||   725
       Demon whip        |       |       |       |   517 |       ||   517
       Dire flail        |       |       |       |    14 |     3 ||    17
Throw: Tomahawk          |       |       |     1 |     1 |       ||     2
Invok: Berserk           |     2 |     3 |     3 |     5 |       ||    13
       Trog's Hand       |       |     2 |     1 |     4 |       ||     7
       Burn Spellbooks   |       |       |       |     2 |       ||     2
Evoke: Wand              |       |       |       |     5 |       ||     5
  Use: Scroll            |       |     7 |    18 |    14 |       ||    39
       Potion            |       |       |     1 |     3 |       ||     4
  Eat: Chunk             |     2 |     4 |     9 |     8 |       ||    23
       Ration            |       |     1 |     5 |     7 |       ||    13
Armor: Animal skin       |    11 |    32 |       |       |       ||    43
       Scale mail        |       |     1 |   113 |       |       ||   114
       Ring mail         |       |       |   117 |   262 |     3 ||   382
Dodge: Dodged            |    62 |    58 |   266 |   291 |     2 ||   679
Block: Other             |       |       |    22 |     2 |     1 ||    25
       Buckler           |       |       |     2 |   263 |       ||   265
       Reflection        |       |       |     1 |     9 |       ||    10
